 Dungeon Crawl Stone Soup version 0.27.1 (webtiles) character file.

Game seed: 7615232885800343171

88 nxtlvl the Cutter (level 4, -4/40 HPs)
             Began as a Deep Elf Monk on Sept 3, 2021.
             Was a Believer of Vehumet.
             Slain by an ogre (9 damage)
             ... on level 4 of the Dungeon.
             The game lasted 00:05:51 (720 turns).

nxtlvl the Cutter (Deep Elf Monk)                    Turns: 720, Time: 00:05:52

Health: -4/40      AC:  6    Str:  8    XL:     4   Next: 29%
Magic:  6/6        EV: 11    Int: 16    God:    Vehumet [**....]
Gold:   67         SH:  0    Dex: 17    Spells: 3/3 levels left

rFire    . . .     SeeInvis .   a - +0 short sword
rCold    . . .     Faith    .   (no shield)
rNeg     . . .     Spirit   .   c - +0 ring mail
rPois    .         Reflect  .   (no helmet)
rElec    .         Harm     .   (no cloak)
rCorr    .         Rampage  .   d - +0 pair of gloves
Will     .....                  (no boots)
Stlth    ..........             (no amulet)
HPRegen  0.13/turn              (no ring)
MPRegen  0.10/turn              (no ring)

@: berserking (expiring), silenced, attractive, very quick
A: no striking features
a: Renounce Religion


You were on level 4 of the Dungeon.
You worshipped Vehumet.
Vehumet was pleased with you.
You visited 1 branch of the dungeon, and saw 4 of its levels.

You collected 67 gold pieces.

Inventory:

Hand Weapons
 a - a +0 short sword (weapon)
 b - a +0 hunting sling
Missiles
 h - 25 arrows
 l - 12 stones (quivered)
Armour
 c - a +0 ring mail (worn)
 d - a +0 pair of gloves (worn)
Scrolls
 g - a scroll of immolation {unknown}
 j - a scroll of amnesia {unknown}
 n - a scroll of enchant armour {unknown}
 o - a scroll of acquirement {unknown}
Potions
 i - 2 potions of lignification {unknown}
 m - a potion of curing {unknown}


   Skills:
 - Level 2.4 Fighting
 * Level 5.2 Short Blades
 - Level 3.6 Dodging
 - Level 2.4 Stealth


You had 3 spell levels left.
You didn't know any spells.
Your spell library was empty.

Dungeon Overview and Level Annotations

Branches:
Dungeon (4/15)
 Temple: D:4-7

Altars:
Vehumet


Message History

It was a potion of berserk rage.
A red film seems to cover your vision as you go berserk!
You feel yourself moving faster!
You feel mighty! The scorpion barely misses you.
a - a +0 short sword (weapon)
You feel a strong urge to attack something.
You closely miss the scorpion.
The scorpion stings you but does no damage.
The ogre is pulled toward you!
You hit the scorpion.
The scorpion is moderately wounded.
The scorpion stings you but does no damage.
The ogre is pulled toward you!
You hit the scorpion.
The scorpion is heavily wounded.
You hit the scorpion.
The scorpion is severely wounded.
The scorpion stings you.
You puncture the scorpion!
You kill the scorpion!
Vehumet accepts your kill.
The ogre hits you with a +0 giant spiked club!
* * * LOW HITPOINT WARNING * * *
Your Short Blades skill increases to level 5!
You have reached level 4!
You feel clever. The ogre is pulled toward you!
You feel a strong urge to attack something.
There is a stone staircase leading up here.
You hit the ogre.
The ogre is lightly wounded.
You puncture the ogre!
The ogre is heavily wounded.
The ogre barely misses you.
You closely miss the ogre.
The ogre is heavily wounded.
You puncture the ogre!
The ogre is almost dead.
The ogre hits you with a +0 giant spiked club!
You die...

##########
#.#.........
#.#.@........#
#.#.O......>.#
#.#........>..
#.#.......?..# .
###............# #.#
#..............###.O
#...########..#..<
###.....#####.#.#
###.......<...#


You could see an ogre.

Vanquished Creatures
  A scorpion (D:4)
  An adder (D:3)
  A dart slug (D:2)
  A bat (D:2)
  An endoplasm (D:2)
  4 goblins
  3 hobgoblins
  2 quokkas
  A ball python (D:3)
  2 kobolds
  A rat (D:1)
18 creatures vanquished.

Vanquished Creatures (others)
  A giant cockroach (D:3)
  A goblin (D:3)
2 creatures vanquished.

Grand Total: 20 creatures vanquished

Notes
Turn   | Place    | Note
-------+----------+-------------------------------------------
     0 | D:1      | nxtlvl the Deep Elf Monk began the quest for the Orb.
     0 | D:1      | Reached XP level 1. HP: 13/13 MP: 3/3
   194 | D:4      | Noticed a scorpion
   205 | D:4      | Noticed an ogre
   311 | D:2      | Reached XP level 2. HP: 4/18 MP: 4/4
   577 | D:1      | Reached skill level 4 in Short Blades
   633 | D:3      | Reached XP level 3. HP: 7/22 MP: 5/5
   662 | D:3      | Found a radiant altar of Vehumet.
   675 | D:3      | Became a worshipper of Vehumet
   675 | D:3      | Reached * piety under Vehumet
   675 | D:3      | Offered knowledge of Freeze by Vehumet.
   675 | D:3      | Reached ** piety under Vehumet
   713 | D:4      | Killed a scorpion
   714 | D:4      | Reached skill level 5 in Short Blades
   714 | D:4      | Reached XP level 4. HP: 4/27 MP: 6/6
   720 | D:4      | Slain by an ogre

Illustrated notes

Levels and vault maps discovered:
D:1:      mainiacjoe_arrival_reflecting_pool, layout_rooms,
          shapermc_ecumenical_altar_totnotflames
D:2:      layout_loops_ring, hangedman_abyss_or_decor_lesser_grid
D:3:      layout_loops_cross, fiery_altar_vehumet
D:4:      layout_rooms, lemuel_another_geyser

Skill      XL: |  1  2  3 |
---------------+----------+-----
Short Blades   | 4 5 |  5.2
Fighting       | |  2.4
Dodging        | |  3.6
Stealth        | |  2.4

Action                   |  1- 3 |  4- 6 || total
-------------------------+-------+-------++-------
Melee: Short sword       |    66 |     4 ||    70
 Fire: Hunting sling     |     3 |       ||     3
  Use: Potion            |     2 |       ||     2
       Scroll            |     1 |       ||     1
 Stab: Sleeping          |     2 |       ||     2
Armor: Ring mail         |    22 |       ||    22
       Robe              |     1 |       ||     1
Dodge: Dodged            |    35 |     1 ||    36
